Philadelphia Flyers vs Chicago Black Hawks
Created - Sunday, September 24, 2023 at 09:09
Goals
|
| Philadelphia Flyers |
1 |
0 |
0 |
1 |
| Chicago Black Hawks |
1 |
1 |
1 |
3 |
|
Shots
|
| Philadelphia Flyers |
8 |
10 |
13 |
31 |
| Chicago Black Hawks |
7 |
15 |
12 |
34 |
|
1st period
1. Philadelphia Flyers , Jesper Fast 3 (Ben Chiarot 5, Tyler Johnson 5) at 6:55
2. Chicago Black Hawks , Cal Clutterbuck 3 (Michael Rasmussen 4, Morgan Frost 7) at 9:47
Penalties :
Tyler Johnson (PHI) for Hooking (Minor) at 10:06
2nd period
3. Chicago Black Hawks , Vincent Trocheck 13 (Morgan Rielly 5) at 15:42 (PP)
Penalties :
Christopher Tanev (CHI) for Tripping (Minor) at 12:15, Oliver Ekman-Larsson (PHI) for Tripping (Minor) at 15:25
3rd period
4. Chicago Black Hawks , Vincent Trocheck 14 (Patrice Bergeron 10, Kevin Fiala 12) at 12:29
Penalties :
Barrett Hayton (CHI) for Hooking (Minor) at 4:04, Ben Chiarot (PHI) for Holding (Minor) at 8:56
Goalie Stats
Connor Ingram (PHI), 31 saves from 34 shots - (0.912), L, 4-10-2, 60:00 minutes
Jordan Binnington (CHI), 30 saves from 31 shots - (0.968), W, 7-5-1, 60:00 minutes
Players Stats for Philadelphia Flyers
Player Name G A P +/- PIM S H SB GA TA FO MP PP MP PK MP
------------------------------------------------------------------------------------
Artem Zub 0 0 0 -1 0 1 2 2 0 1 0/0 20:54 0:00 2:29
Auston Matthews 0 0 0 0 0 5 1 1 0 2 10/15 15:01 2:01 0:00
Ben Chiarot 0 1 1 0 2 3 4 1 0 1 0/0 18:46 0:00 1:15
Bryan Rust 0 0 0 -1 0 1 3 0 0 0 0/1 16:48 1:57 2:06
Elias Lindholm 0 0 0 -1 0 1 2 0 3 0 6/10 16:32 1:57 2:06
Erik Gustafsson 0 0 0 0 0 0 0 3 1 2 0/0 16:54 1:43 0:00
Jack McBain 0 0 0 0 0 0 4 0 0 0 1/1 15:45 0:00 2:09
Jesper Fast 1 0 1 1 0 2 0 0 0 0 0/1 13:15 0:00 0:00
Justin Faulk 0 0 0 0 0 2 5 0 0 0 0/0 22:43 2:15 2:17
Lukas Sedlak 0 0 0 -1 0 0 1 0 0 1 0/2 13:28 0:03 0:00
Marcus Johansson 0 0 0 1 0 2 0 0 0 0 0/1 14:36 1:54 0:00
Matt Duchene 0 0 0 0 0 2 2 1 1 0 0/1 15:01 2:01 0:00
Matt Roy 0 0 0 0 0 0 0 3 0 0 0/0 20:14 1:43 2:29
Max Pacioretty 0 0 0 -1 0 5 4 0 0 0 0/1 14:12 2:01 0:00
Nathan Bastian 0 0 0 -1 0 0 2 0 0 0 1/2 12:11 0:00 0:00
Oliver Ekman-Larsson 0 0 0 -1 2 0 3 2 0 1 0/0 20:39 2:15 0:00
Radek Faksa 0 0 0 -1 0 3 2 1 0 0 6/12 15:12 0:00 2:09
Tyler Johnson 0 1 1 1 2 4 0 0 0 0 3/4 13:31 0:00 0:00
Players Stats for Chicago Black Hawks
Player Name G A P +/- PIM S H SB GA TA FO MP PP MP PK MP
------------------------------------------------------------------------------------
Barrett Hayton 0 0 0 -1 2 2 2 2 0 0 1/2 16:37 1:26 0:00
Bo Horvat 0 0 0 -1 0 1 0 0 1 0 4/13 17:16 2:49 0:07
Brent Burns 0 0 0 1 0 2 0 1 0 0 0/0 21:30 2:32 0:48
Cal Clutterbuck 1 0 1 1 0 2 1 0 0 0 1/1 15:04 0:00 1:53
Christopher Tanev 0 0 0 0 2 1 1 2 0 1 0/0 17:18 0:00 0:38
Cole Perfetti 0 0 0 0 0 1 0 0 0 0 0/0 8:47 0:00 0:00
Devon Toews 0 0 0 0 0 3 0 1 1 0 0/0 20:48 1:43 1:52
Frederick Gaudreau 0 0 0 0 0 1 2 0 0 0 0/2 10:40 0:00 1:53
Kevin Fiala 0 1 1 1 0 1 2 0 1 0 0/2 17:34 2:49 0:00
Michael Rasmussen 0 1 1 1 0 2 2 0 2 0 1/1 15:11 0:00 1:58
Morgan Frost 0 1 1 1 0 1 2 0 1 0 1/4 13:08 0:00 0:00
Morgan Rielly 0 1 1 0 0 3 0 1 1 0 0/0 18:49 1:43 0:16
Patrice Bergeron 0 1 1 1 0 2 1 1 0 1 14/22 18:37 1:26 1:58
Seth Jones 0 0 0 1 0 2 2 0 0 2 0/0 23:17 2:32 1:50
Shane Pinto 0 0 0 0 0 0 3 1 0 0 0/0 8:50 0:00 0:00
Travis Sanheim 0 0 0 0 0 1 0 1 0 0 0/0 18:17 0:00 2:32
Tyler Bertuzzi 0 0 0 -1 0 2 2 1 1 0 0/2 16:29 1:26 0:07
Vincent Trocheck 2 0 2 1 0 7 3 0 0 1 2/2 17:48 2:49 0:00
3 Stars
1 - Vincent Trocheck (CHI)
2 - Jordan Binnington (CHI)
3 - Cal Clutterbuck (CHI)
Power Play
Philadelphia Flyers - 0 on 2 Attempt(s) - 0.00%
Chicago Black Hawks - 1 on 3 Attempt(s) - 33.33%
Penalty Kill
Philadelphia Flyers - 2 on 3 Attempt(s) - 66.67%
- Score 0 goal in Penalty Kill
Chicago Black Hawks - 2 on 2 Attempt(s) - 100.00%
- Score 0 goal in Penalty Kill
Team Stat
Philadelphia Flyers - Hits : 35 - Faceoff Wins : 27 - Blocked Shots : 14 - Penalty Minutes : 6
Chicago Black Hawks - Hits : 23 - Faceoff Wins : 24 - Blocked Shots : 11 - Penalty Minutes : 4
Official
Referees : Wes McCauley and Tom Chmielewski
Linesman : Shandor Alphonso and Mike Cvik
Game Notes
No Game Note
Finance
Level 1 -- Attendance: 4432 (73.87%) -- Ticket Income $443,200
Level 2 -- Attendance: 3896 (77.92%) -- Ticket Income $233,760
Level 3 -- Attendance: 2170 (72.33%) -- Ticket Income $75,950
Level 4 -- Attendance: 3924 (78.48%) -- Ticket Income $98,100
Luxury Box -- Attendance: 757 (75.70%) -- Ticket Income $151,400
Game was played at the United Center.
Total Attendance: 15179 (75.90%)
Total Ticket Income: $1,002,410
Other Income: $350,844
Total Income: $1,353,254
Philadelphia Flyers
5 vs 5 Forward
Center Left Wing Right Wing Time % Phy DF OF
1 Auston Matthews Matt Duchene Jack McBain 25 0 2 3
2 Elias Lindholm Max Pacioretty Nathan Bastian 25 0 2 3
3 Radek Faksa Bryan Rust Lukas Sedlak 25 0 2 3
4 Tyler Johnson Jesper Fast Marcus Johansson 25 0 2 3
5 vs 5 Defense
Defense Defense Time % Phy DF OF
1 Justin Faulk Ben Chiarot 35 1 2 2
2 Oliver Ekman-Larsson Artem Zub 35 1 2 2
3 Erik Gustafsson Matt Roy 30 1 2 2
4 Justin Faulk Ben Chiarot 0 1 2 2
PowerPlay Forward
Center Left Wing Right Wing Time % Phy DF OF
1 Auston Matthews Max Pacioretty Matt Duchene 50 0 1 4
2 Elias Lindholm Marcus Johansson Bryan Rust 50 0 1 4
PowerPlay Defense
Defense Defense Time % Phy DF OF
1 Justin Faulk Oliver Ekman-Larsson 50 0 2 3
2 Erik Gustafsson Matt Roy 50 0 2 3
Penalty Kill 4 Players Forward
Center Wing Time % Phy DF OF
1 Radek Faksa Jack McBain 50 0 4 1
2 Elias Lindholm Bryan Rust 50 0 4 1
Penalty Kill 4 Players Defense
Defense Defense Time % Phy DF OF
1 Justin Faulk Ben Chiarot 50 0 5 0
2 Artem Zub Matt Roy 50 0 5 0
Penalty Kill - 3 Players Forward
Forward Time % Phy DF OF
1 Radek Faksa 50 0 5 0
2 Jack McBain 50 0 5 0
Penalty Kill - 3 Players Defense
Defense Defense Time % Phy DF OF
1 Justin Faulk Ben Chiarot 50 0 5 0
2 Artem Zub Matt Roy 50 0 5 0
4 vs 4 Forward
Center Wing Time % Phy DF OF
1 Auston Matthews Matt Duchene 50 0 2 3
2 Elias Lindholm Max Pacioretty 50 0 3 2
4 vs 4 Defense
Defense Defense Time % Phy DF OF
1 Justin Faulk Ben Chiarot 50 0 3 2
2 Oliver Ekman-Larsson Artem Zub 50 0 3 2
Last Minutes Offensive
Center Left Wing Right Wing Defense Defense
Auston Matthews Max Pacioretty Matt Duchene Justin Faulk Oliver Ekman-Larsson
Last Minutes Defensive
Center Left Wing Right Wing Defense Defense
Elias Lindholm Radek Faksa Jack McBain Ben Chiarot Matt Roy
Goaltenders
Starting : Connor Ingram
Backup : Jake Allen
Extra Forwards
Normal : Auston Matthews, Elias Lindholm, Matt Duchene - PP : Auston Matthews, Elias Lindholm - PK : Elias Lindholm
Extra Defensemen
Normal : Justin Faulk, Oliver Ekman-Larsson, Erik Gustafsson - PP : Justin Faulk - PK : Ben Chiarot, Matt Roy
Penalty Shots
Auston Matthews, Matt Duchene, Max Pacioretty, Elias Lindholm, Marcus Johansson
Chicago Black Hawks
5 vs 5 Forward
Center Left Wing Right Wing Time % Phy DF OF
1 Patrice Bergeron Kevin Fiala Vincent Trocheck 30 1 2 2
2 Bo Horvat Barrett Hayton Tyler Bertuzzi 30 1 2 2
3 Morgan Frost Michael Rasmussen Cal Clutterbuck 25 1 2 2
4 Frederick Gaudreau Cole Perfetti Shane Pinto 15 1 2 2
5 vs 5 Defense
Defense Defense Time % Phy DF OF
1 Seth Jones Brent Burns 35 0 3 2
2 Devon Toews Christopher Tanev 35 0 3 2
3 Morgan Rielly Travis Sanheim 30 0 3 2
4 Devon Toews Morgan Rielly 0 0 4 1
PowerPlay Forward
Center Left Wing Right Wing Time % Phy DF OF
1 Bo Horvat Kevin Fiala Vincent Trocheck 50 0 0 5
2 Patrice Bergeron Barrett Hayton Tyler Bertuzzi 50 0 0 5
PowerPlay Defense
Defense Defense Time % Phy DF OF
1 Seth Jones Brent Burns 50 0 0 5
2 Devon Toews Morgan Rielly 50 0 0 5
Penalty Kill 4 Players Forward
Center Wing Time % Phy DF OF
1 Frederick Gaudreau Cal Clutterbuck 50 0 5 0
2 Patrice Bergeron Michael Rasmussen 50 0 5 0
Penalty Kill 4 Players Defense
Defense Defense Time % Phy DF OF
1 Devon Toews Christopher Tanev 50 0 5 0
2 Travis Sanheim Seth Jones 50 0 5 0
Penalty Kill - 3 Players Forward
Forward Time % Phy DF OF
1 Frederick Gaudreau 50 0 5 0
2 Bo Horvat 50 0 5 0
Penalty Kill - 3 Players Defense
Defense Defense Time % Phy DF OF
1 Christopher Tanev Travis Sanheim 50 0 5 0
2 Devon Toews Morgan Rielly 50 0 5 0
4 vs 4 Forward
Center Wing Time % Phy DF OF
1 Vincent Trocheck Morgan Frost 50 1 2 2
2 Barrett Hayton Kevin Fiala 50 1 2 2
4 vs 4 Defense
Defense Defense Time % Phy DF OF
1 Seth Jones Brent Burns 50 0 3 2
2 Christopher Tanev Travis Sanheim 50 0 3 2
Last Minutes Offensive
Center Left Wing Right Wing Defense Defense
Patrice Bergeron Kevin Fiala Vincent Trocheck Seth Jones Brent Burns
Last Minutes Defensive
Center Left Wing Right Wing Defense Defense
Bo Horvat Michael Rasmussen Frederick Gaudreau Devon Toews Christopher Tanev
Goaltenders
Starting : Jordan Binnington
Backup : Thatcher Demko
Extra Forwards
Normal : Shane Pinto, Morgan Frost, Bo Horvat - PP : Shane Pinto, Morgan Frost - PK : Bo Horvat
Extra Defensemen
Normal : Christopher Tanev, Travis Sanheim, Seth Jones - PP : Christopher Tanev - PK : Travis Sanheim, Brent Burns
Penalty Shots
Frederick Gaudreau, Devon Toews, Barrett Hayton, Brent Burns, Bo Horvat
% Time on Ice - Philadelphia Flyers
Lines # - Real PCT - Wanted PCT - Time Play
Normal Forward
1 - 25% - 25% - 13:12
2 - 24% - 25% - 12:29
3 - 25% - 25% - 12:51
4 - 26% - 25% - 13:15
Normal Defense
1 - 35% - 35% - 18:11
2 - 36% - 35% - 18:47
3 - 29% - 30% - 14:49
4 - 0% - 0% - 0:00
PP Forward
1 - 51% - 50% - 2:01
2 - 49% - 50% - 1:57
PP Defense
1 - 57% - 50% - 2:15
2 - 43% - 50% - 1:43
PK Forward
1 - 51% - 50% - 2:09
2 - 49% - 50% - 2:06
PK Defense
1 - 54% - 50% - 2:17
2 - 46% - 50% - 1:58
PK3 Forward
1 - 0% - 50%
2 - 0% - 50%
PK3 Defense
1 - 0% - 50%
2 - 0% - 50%
44 Forward
1 - 0% - 50%
2 - 0% - 50%
44 Defense
1 - 0% - 50%
2 - 0% - 50%
Last Minute Offensive - 0:00
Last Minute Defensive - 0:00
Total
Forward - 60:00
Defense - 60:00
|
% Time on Ice - Chicago Black Hawks
Lines # - Real PCT - Wanted PCT - Time Play
Normal Forward
1 - 29% - 30% - 15:10
2 - 29% - 30% - 14:56
3 - 25% - 25% - 12:54
4 - 17% - 15% - 8:47
Normal Defense
1 - 35% - 35% - 18:10
2 - 35% - 35% - 17:58
3 - 30% - 30% - 15:39
4 - 0% - 0% - 0:00
PP Forward
1 - 66% - 50% - 2:49
2 - 34% - 50% - 1:26
PP Defense
1 - 60% - 50% - 2:32
2 - 40% - 50% - 1:43
PK Forward
1 - 47% - 50% - 1:53
2 - 53% - 50% - 2:05
PK Defense
1 - 54% - 50% - 2:08
2 - 46% - 50% - 1:50
PK3 Forward
1 - 0% - 50%
2 - 0% - 50%
PK3 Defense
1 - 0% - 50%
2 - 0% - 50%
44 Forward
1 - 0% - 50%
2 - 0% - 50%
44 Defense
1 - 0% - 50%
2 - 0% - 50%
Last Minute Offensive - 0:00
Last Minute Defensive - 0:00
Total
Forward - 60:00
Defense - 60:00
|
Play-by-Play
1st period
0:01 of 1st period - Vincent Trocheck wins face-off versus Auston Matthews in neutral zone.
0:26 of 1st period - Tyler Bertuzzi is hit by Justin Faulk and loses puck.
0:55 of 1st period - Morgan Frost is hit by Oliver Ekman-Larsson and loses puck.
1:22 of 1st period - Slapshot by Cole Perfetti.
1:22 of 1st period - Stopped by Connor Ingram with a rebound.
2:42 of 1st period - Slapshot by Tyler Johnson.
2:42 of 1st period - Stopped by Jordan Binnington without a rebound.
2:43 of 1st period - Patrice Bergeron wins face-off versus Tyler Johnson in Chicago Black Hawks zone.
3:34 of 1st period - Snap shot by Elias Lindholm.
3:34 of 1st period - Shot Blocked by Morgan Rielly.
3:36 of 1st period - Slapshot by Ben Chiarot.
3:36 of 1st period - Stopped by Jordan Binnington without a rebound.
3:37 of 1st period - Patrice Bergeron wins face-off versus Radek Faksa in Chicago Black Hawks zone.
3:37 of 1st period - Patrice Bergeron is hit by Bryan Rust.
4:14 of 1st period - Devon Toews is hit by Oliver Ekman-Larsson and loses puck.
4:27 of 1st period - Marcus Johansson is hit by Christopher Tanev.
4:33 of 1st period - Devon Toews is hit by Ben Chiarot and loses puck.
4:58 of 1st period - Wrist shot by Radek Faksa.
4:58 of 1st period - Stopped by Jordan Binnington without a rebound.
4:59 of 1st period - Vincent Trocheck wins face-off versus Auston Matthews in Chicago Black Hawks zone.
5:24 of 1st period - Artem Zub is hit by Barrett Hayton.
5:34 of 1st period - Snap shot by Bo Horvat.
5:34 of 1st period - Stopped by Connor Ingram with a rebound.
5:52 of 1st period - Seth Jones is hit by Nathan Bastian.
5:59 of 1st period - Icing by Morgan Frost.
6:00 of 1st period - Radek Faksa wins face-off versus Morgan Frost in Chicago Black Hawks zone.
6:01 of 1st period - Wrist shot by Bryan Rust.
6:01 of 1st period - Stopped by Jordan Binnington without a rebound.
6:02 of 1st period - Radek Faksa wins face-off versus Kevin Fiala in Chicago Black Hawks zone.
6:51 of 1st period - Slapshot by Tyler Johnson.
6:51 of 1st period - Stopped by Jordan Binnington with a rebound.
6:53 of 1st period - Snap shot by Ben Chiarot.
6:53 of 1st period - Shot Blocked by Travis Sanheim.
6:55 of 1st period - Snap shot by Jesper Fast.
6:55 of 1st period - Deflect By Bo Horvat.
6:55 of 1st period - Goal by Jesper Fast - Philadelphia Flyers : 1 - Chicago Black Hawks : 0.
6:56 of 1st period - Nathan Bastian wins face-off versus Frederick Gaudreau in neutral zone.
7:11 of 1st period - Snap shot by Frederick Gaudreau.
7:11 of 1st period - Shot Misses the Net.
7:23 of 1st period - Michael Rasmussen is hit by Radek Faksa and loses puck.
7:46 of 1st period - Ben Chiarot is hit by Tyler Bertuzzi and loses puck.
8:17 of 1st period - Wrist shot by Auston Matthews.
8:17 of 1st period - Stopped by Jordan Binnington with a rebound.
8:39 of 1st period - Justin Faulk is hit by Shane Pinto and loses puck.
8:54 of 1st period - Snap shot by Marcus Johansson.
8:54 of 1st period - Deflect By Nathan Bastian.
8:54 of 1st period - Shot Misses the Net.
8:54 of 1st period - Puck is out of play.
8:55 of 1st period - Patrice Bergeron wins face-off versus Max Pacioretty in Chicago Black Hawks zone.
9:43 of 1st period - Snap shot by Michael Rasmussen.
9:43 of 1st period - Stopped by Connor Ingram without a rebound.
9:44 of 1st period - Morgan Frost wins face-off versus Radek Faksa in Philadelphia Flyers zone.
9:45 of 1st period - Snap shot by Michael Rasmussen.
9:45 of 1st period - Shot Misses the Net.
9:47 of 1st period - Slapshot by Cal Clutterbuck.
9:47 of 1st period - Goal by Cal Clutterbuck - Philadelphia Flyers : 1 - Chicago Black Hawks : 1.
9:48 of 1st period - Tyler Johnson wins face-off versus Patrice Bergeron in neutral zone.
9:51 of 1st period - Snap shot by Marcus Johansson.
9:51 of 1st period - Stopped by Jordan Binnington with a rebound.
9:57 of 1st period - Snap shot by Marcus Johansson.
9:57 of 1st period - Shot Misses the Net.
10:06 of 1st period - Minor Penalty to Tyler Johnson for Hooking.
10:07 of 1st period - Bo Horvat wins face-off versus Radek Faksa in Philadelphia Flyers zone.
10:31 of 1st period - Kevin Fiala is hit by Ben Chiarot and loses puck.
11:32 of 1st period - Snap shot by Kevin Fiala.
11:32 of 1st period - Stopped by Connor Ingram with a rebound.
11:52 of 1st period - Wrist shot by Kevin Fiala.
11:52 of 1st period - Shot Blocked by Radek Faksa.
11:54 of 1st period - Snap shot by Bo Horvat.
11:54 of 1st period - Shot Misses the Net.
11:56 of 1st period - Wrist shot by Kevin Fiala.
11:56 of 1st period - Shot Blocked by Artem Zub.
11:58 of 1st period - Slapshot by Seth Jones.
11:58 of 1st period - Stopped by Connor Ingram with a rebound.
12:00 of 1st period - Snap shot by Brent Burns.
12:00 of 1st period - Stopped by Connor Ingram without a rebound.
12:01 of 1st period - Elias Lindholm wins face-off versus Patrice Bergeron in Philadelphia Flyers zone.
12:06 of 1st period - Penalty to Tyler Johnson is over, Tyler Johnson is back on ice.
13:18 of 1st period - Frederick Gaudreau is hit by Artem Zub and loses puck.
14:42 of 1st period - Wrist shot by Tyler Johnson.
14:42 of 1st period - Shot Blocked by Christopher Tanev.
15:12 of 1st period - Seth Jones is hit by Justin Faulk and loses puck.
16:01 of 1st period - Travis Sanheim is hit by Ben Chiarot.
16:17 of 1st period - Devon Toews is hit by Radek Faksa and loses puck.
16:32 of 1st period - Cole Perfetti is hit by Jack McBain.
17:44 of 1st period - Tyler Bertuzzi is hit by Jack McBain and loses puck.
17:59 of 1st period - Marcus Johansson is hit by Frederick Gaudreau and loses puck.
18:47 of 1st period - Snap shot by Tyler Johnson.
18:47 of 1st period - Shot Misses the Net.
19:05 of 1st period - Seth Jones is hit by Jack McBain and loses puck.
19:41 of 1st period - Bryan Rust is hit by Morgan Frost and loses puck.
Goals for this period are 1 for Philadelphia Flyers vs 1 for Chicago Black Hawks.
Shots for this period are 8 for Philadelphia Flyers vs 7 for Chicago Black Hawks.
2nd period
0:01 of 2nd period - Auston Matthews wins face-off versus Patrice Bergeron in neutral zone.
0:04 of 2nd period - Vincent Trocheck is hit by Matt Duchene.
1:08 of 2nd period - Snap shot by Elias Lindholm.
1:08 of 2nd period - Stopped by Jordan Binnington with a rebound.
1:16 of 2nd period - Snap shot by Frederick Gaudreau.
1:16 of 2nd period - Shot Blocked by Oliver Ekman-Larsson.
1:32 of 2nd period - Snap shot by Vincent Trocheck.
1:32 of 2nd period - Shot Blocked by Oliver Ekman-Larsson.
1:48 of 2nd period - Wrist shot by Tyler Johnson.
1:48 of 2nd period - Stopped by Jordan Binnington with a rebound.
2:06 of 2nd period - Wrist shot by Tyler Johnson.
2:06 of 2nd period - Stopped by Jordan Binnington without a rebound.
2:07 of 2nd period - Michael Rasmussen wins face-off versus Lukas Sedlak in Chicago Black Hawks zone.
2:36 of 2nd period - Off-side.
2:37 of 2nd period - Auston Matthews wins face-off versus Patrice Bergeron in neutral zone.
2:48 of 2nd period - Snap shot by Matt Duchene.
2:48 of 2nd period - Stopped by Jordan Binnington with a rebound.
3:04 of 2nd period - Elias Lindholm is hit by Tyler Bertuzzi and loses puck.
3:13 of 2nd period - Snap shot by Barrett Hayton.
3:13 of 2nd period - Stopped by Connor Ingram with a rebound.
3:35 of 2nd period - Off-side.
3:36 of 2nd period - Patrice Bergeron wins face-off versus Auston Matthews in neutral zone.
3:39 of 2nd period - Snap shot by Vincent Trocheck.
3:39 of 2nd period - Stopped by Connor Ingram without a rebound.
3:40 of 2nd period - Auston Matthews wins face-off versus Patrice Bergeron in Philadelphia Flyers zone.
3:40 of 2nd period - Auston Matthews is hit by Kevin Fiala.
3:52 of 2nd period - Snap shot by Auston Matthews.
3:52 of 2nd period - Stopped by Jordan Binnington with a rebound.
3:54 of 2nd period - Snap shot by Matt Duchene.
3:54 of 2nd period - Shot Misses the Net.
3:56 of 2nd period - Wrist shot by Auston Matthews.
3:56 of 2nd period - Shot Misses the Net.
4:06 of 2nd period - Snap shot by Patrice Bergeron.
4:06 of 2nd period - Shot Misses the Net.
4:08 of 2nd period - Wrist shot by Devon Toews.
4:08 of 2nd period - Deflect By Lukas Sedlak.
4:08 of 2nd period - Stopped by Connor Ingram with a rebound.
4:10 of 2nd period - Wrist shot by Tyler Bertuzzi.
4:10 of 2nd period - Stopped by Connor Ingram with a rebound.
4:12 of 2nd period - Snap shot by Tyler Bertuzzi.
4:12 of 2nd period - Stopped by Connor Ingram with a rebound.
4:14 of 2nd period - Wrist shot by Tyler Bertuzzi.
4:14 of 2nd period - Shot Blocked by Matt Roy.
4:20 of 2nd period - Wrist shot by Barrett Hayton.
4:20 of 2nd period - Shot Misses the Net.
4:56 of 2nd period - Snap shot by Max Pacioretty.
4:56 of 2nd period - Shot Misses the Net.
5:18 of 2nd period - Wrist shot by Auston Matthews.
5:18 of 2nd period - Shot Misses the Net.
5:20 of 2nd period - Slapshot by Ben Chiarot.
5:20 of 2nd period - Stopped by Jordan Binnington without a rebound.
5:21 of 2nd period - Tyler Johnson wins face-off versus Tyler Bertuzzi in Chicago Black Hawks zone.
5:36 of 2nd period - Wrist shot by Tyler Johnson.
5:36 of 2nd period - Shot Blocked by Tyler Bertuzzi.
6:14 of 2nd period - Christopher Tanev is hit by Artem Zub and loses puck.
7:03 of 2nd period - Devon Toews is hit by Oliver Ekman-Larsson and loses puck.
7:16 of 2nd period - Slapshot by Seth Jones.
7:16 of 2nd period - Deflect By Vincent Trocheck.
7:16 of 2nd period - Stopped by Connor Ingram with a rebound.
7:36 of 2nd period - Jack McBain is hit by Michael Rasmussen and loses puck.
7:43 of 2nd period - Snap shot by Morgan Rielly.
7:43 of 2nd period - Deflect By Auston Matthews.
7:43 of 2nd period - Stopped by Connor Ingram with a rebound.
7:45 of 2nd period - Snap shot by Michael Rasmussen.
7:45 of 2nd period - Deflect By Morgan Frost.
7:45 of 2nd period - Shot Blocked by Matt Roy.
7:45 of 2nd period - Puck is out of play.
7:46 of 2nd period - Radek Faksa wins face-off versus Bo Horvat in Philadelphia Flyers zone.
8:13 of 2nd period - Morgan Rielly is hit by Justin Faulk and loses puck.
8:20 of 2nd period - Slapshot by Tyler Johnson.
8:20 of 2nd period - Shot Misses the Net.
8:22 of 2nd period - Slapshot by Jesper Fast.
8:22 of 2nd period - Shot Misses the Net.
8:24 of 2nd period - Snap shot by Ben Chiarot.
8:24 of 2nd period - Stopped by Jordan Binnington without a rebound.
8:25 of 2nd period - Barrett Hayton wins face-off versus Elias Lindholm in Chicago Black Hawks zone.
8:32 of 2nd period - Slapshot by Seth Jones.
8:32 of 2nd period - Stopped by Connor Ingram with a rebound.
8:50 of 2nd period - Auston Matthews is hit by Seth Jones and loses puck.
9:29 of 2nd period - Matt Duchene is hit by Shane Pinto and loses puck.
10:06 of 2nd period - Slapshot by Elias Lindholm.
10:06 of 2nd period - Deflect By Max Pacioretty.
10:06 of 2nd period - Stopped by Jordan Binnington without a rebound.
10:07 of 2nd period - Patrice Bergeron wins face-off versus Nathan Bastian in Chicago Black Hawks zone.
10:07 of 2nd period - Patrice Bergeron is hit by Max Pacioretty.
10:32 of 2nd period - Nathan Bastian is hit by Vincent Trocheck and loses puck.
10:36 of 2nd period - Icing by Nathan Bastian.
10:37 of 2nd period - Elias Lindholm wins face-off versus Bo Horvat in Philadelphia Flyers zone.
10:54 of 2nd period - Wrist shot by Max Pacioretty.
10:54 of 2nd period - Stopped by Jordan Binnington without a rebound.
10:55 of 2nd period - Radek Faksa wins face-off versus Patrice Bergeron in Chicago Black Hawks zone.
11:10 of 2nd period - Snap shot by Vincent Trocheck.
11:10 of 2nd period - Stopped by Connor Ingram with a rebound.
11:22 of 2nd period - Tyler Johnson is hit by Barrett Hayton and loses puck.
11:31 of 2nd period - Wrist shot by Marcus Johansson.
11:31 of 2nd period - Shot Misses the Net.
11:33 of 2nd period - Snap shot by Jesper Fast.
11:33 of 2nd period - Stopped by Jordan Binnington with a rebound.
11:50 of 2nd period - Cal Clutterbuck is hit by Jack McBain and loses puck.
12:07 of 2nd period - Frederick Gaudreau is hit by Nathan Bastian and loses puck.
12:15 of 2nd period - Minor Penalty to Christopher Tanev for Tripping.
12:16 of 2nd period - Auston Matthews wins face-off versus Frederick Gaudreau in Chicago Black Hawks zone.
12:48 of 2nd period - Snap shot by Patrice Bergeron.
12:48 of 2nd period - Shot Misses the Net.
12:50 of 2nd period - Slapshot by Travis Sanheim.
12:50 of 2nd period - Stopped by Connor Ingram with a rebound.
14:15 of 2nd period - Penalty to Christopher Tanev is over, Christopher Tanev is back on ice.
14:48 of 2nd period - Seth Jones is hit by Justin Faulk.
15:25 of 2nd period - Minor Penalty to Oliver Ekman-Larsson for Tripping.
15:26 of 2nd period - Elias Lindholm wins face-off versus Bo Horvat in Philadelphia Flyers zone.
15:38 of 2nd period - Slapshot by Morgan Rielly.
15:38 of 2nd period - Deflect By Elias Lindholm.
15:38 of 2nd period - Stopped by Connor Ingram with a rebound.
15:40 of 2nd period - Wrist shot by Vincent Trocheck.
15:40 of 2nd period - Stopped by Connor Ingram with a rebound.
15:42 of 2nd period - Wrist shot by Vincent Trocheck.
15:42 of 2nd period - Goal by Vincent Trocheck - Philadelphia Flyers : 1 - Chicago Black Hawks : 2.
15:43 of 2nd period - Patrice Bergeron wins face-off versus Radek Faksa in neutral zone.
15:56 of 2nd period - Kevin Fiala is hit by Bryan Rust and loses puck.
16:39 of 2nd period - Wrist shot by Cal Clutterbuck.
16:39 of 2nd period - Stopped by Connor Ingram with a rebound.
16:41 of 2nd period - Slapshot by Seth Jones.
16:41 of 2nd period - Shot Blocked by Matt Duchene.
17:10 of 2nd period - Slapshot by Patrice Bergeron.
17:10 of 2nd period - Shot Misses the Net.
17:16 of 2nd period - Kevin Fiala is hit by Max Pacioretty.
18:06 of 2nd period - Wrist shot by Radek Faksa.
18:06 of 2nd period - Deflect By Bryan Rust.
18:06 of 2nd period - Deflect By Cole Perfetti.
18:06 of 2nd period - Shot Misses the Net.
18:06 of 2nd period - Puck is out of play.
18:07 of 2nd period - Tyler Johnson wins face-off versus Kevin Fiala in Chicago Black Hawks zone.
18:18 of 2nd period - Oliver Ekman-Larsson is hit by Vincent Trocheck and loses puck.
19:43 of 2nd period - Wrist shot by Patrice Bergeron.
19:43 of 2nd period - Deflect By Vincent Trocheck.
19:43 of 2nd period - Stopped by Connor Ingram without a rebound.
19:44 of 2nd period - Auston Matthews wins face-off versus Bo Horvat in Philadelphia Flyers zone.
Goals for this period are 0 for Philadelphia Flyers vs 1 for Chicago Black Hawks.
Shots for this period are 10 for Philadelphia Flyers vs 15 for Chicago Black Hawks.
3rd period
0:01 of 3rd period - Patrice Bergeron wins face-off versus Marcus Johansson in neutral zone.
0:08 of 3rd period - Slapshot by Kevin Fiala.
0:08 of 3rd period - Shot Misses the Net.
0:10 of 3rd period - Slapshot by Christopher Tanev.
0:10 of 3rd period - Stopped by Connor Ingram with a rebound.
0:12 of 3rd period - Snap shot by Kevin Fiala.
0:12 of 3rd period - Shot Misses the Net.
0:14 of 3rd period - Snap shot by Patrice Bergeron.
0:14 of 3rd period - Stopped by Connor Ingram with a rebound.
0:16 of 3rd period - Slapshot by Devon Toews.
0:16 of 3rd period - Shot Blocked by Erik Gustafsson.
0:32 of 3rd period - Slapshot by Morgan Frost.
0:32 of 3rd period - Deflect By Michael Rasmussen.
0:32 of 3rd period - Shot Blocked by Erik Gustafsson.
0:32 of 3rd period - Puck is out of play.
0:33 of 3rd period - Auston Matthews wins face-off versus Morgan Frost in Philadelphia Flyers zone.
0:38 of 3rd period - Brent Burns is hit by Auston Matthews and loses puck.
2:02 of 3rd period - Off-side.
2:03 of 3rd period - Auston Matthews wins face-off versus Morgan Frost in neutral zone.
2:17 of 3rd period - Wrist shot by Ben Chiarot.
2:17 of 3rd period - Shot Hit the Post.
2:35 of 3rd period - Wrist shot by Radek Faksa.
2:35 of 3rd period - Stopped by Jordan Binnington with a rebound.
2:37 of 3rd period - Backhand shot by Justin Faulk.
2:37 of 3rd period - Stopped by Jordan Binnington without a rebound.
2:38 of 3rd period - Patrice Bergeron wins face-off versus Elias Lindholm in Chicago Black Hawks zone.
3:58 of 3rd period - Slapshot by Max Pacioretty.
3:58 of 3rd period - Stopped by Jordan Binnington without a rebound.
3:59 of 3rd period - Auston Matthews wins face-off versus Tyler Bertuzzi in Chicago Black Hawks zone.
4:02 of 3rd period - Snap shot by Auston Matthews.
4:02 of 3rd period - Stopped by Jordan Binnington with a rebound.
4:04 of 3rd period - Minor Penalty to Barrett Hayton for Hooking.
4:05 of 3rd period - Elias Lindholm wins face-off versus Patrice Bergeron in Chicago Black Hawks zone.
4:20 of 3rd period - Slapshot by Marcus Johansson.
4:20 of 3rd period - Shot Blocked by Patrice Bergeron.
5:00 of 3rd period - Devon Toews is hit by Max Pacioretty and loses puck.
5:21 of 3rd period - Oliver Ekman-Larsson is hit by Cal Clutterbuck and loses puck.
5:38 of 3rd period - Justin Faulk is hit by Seth Jones and loses puck.
6:04 of 3rd period - Penalty to Barrett Hayton is over, Barrett Hayton is back on ice.
6:09 of 3rd period - Snap shot by Barrett Hayton.
6:09 of 3rd period - Stopped by Connor Ingram without a rebound.
6:10 of 3rd period - Bo Horvat wins face-off versus Jesper Fast in Philadelphia Flyers zone.
6:19 of 3rd period - Wrist shot by Jesper Fast.
6:19 of 3rd period - Shot Blocked by Devon Toews.
6:21 of 3rd period - Snap shot by Erik Gustafsson.
6:21 of 3rd period - Shot Misses the Net.
6:23 of 3rd period - Wrist shot by Jesper Fast.
6:23 of 3rd period - Shot Misses the Net.
6:25 of 3rd period - Slapshot by Jesper Fast.
6:25 of 3rd period - Shot Blocked by Barrett Hayton.
6:57 of 3rd period - Wrist shot by Vincent Trocheck.
6:57 of 3rd period - Deflect By Patrice Bergeron.
6:57 of 3rd period - Stopped by Connor Ingram without a rebound.
6:58 of 3rd period - Patrice Bergeron wins face-off versus Radek Faksa in Philadelphia Flyers zone.
7:12 of 3rd period - Snap shot by Erik Gustafsson.
7:12 of 3rd period - Deflect By Bryan Rust.
7:12 of 3rd period - Shot Misses the Net.
7:12 of 3rd period - Puck is out of play.
7:13 of 3rd period - Bo Horvat wins face-off versus Auston Matthews in Chicago Black Hawks zone.
7:13 of 3rd period - Bo Horvat is hit by Justin Faulk.
7:27 of 3rd period - Wrist shot by Bo Horvat.
7:27 of 3rd period - Shot Blocked by Ben Chiarot.
7:58 of 3rd period - Slapshot by Marcus Johansson.
7:58 of 3rd period - Stopped by Jordan Binnington with a rebound.
8:00 of 3rd period - Slapshot by Tyler Johnson.
8:00 of 3rd period - Shot Misses the Net.
8:02 of 3rd period - Wrist shot by Marcus Johansson.
8:02 of 3rd period - Shot Misses the Net.
8:04 of 3rd period - Snap shot by Tyler Johnson.
8:04 of 3rd period - Shot Misses the Net.
8:06 of 3rd period - Wrist shot by Artem Zub.
8:06 of 3rd period - Shot Blocked by Brent Burns.
8:08 of 3rd period - Slapshot by Oliver Ekman-Larsson.
8:08 of 3rd period - Shot Misses the Net.
8:20 of 3rd period - Icing by Cal Clutterbuck.
8:21 of 3rd period - Cal Clutterbuck wins face-off versus Radek Faksa in Chicago Black Hawks zone.
8:21 of 3rd period - Cal Clutterbuck is hit by Lukas Sedlak.
8:31 of 3rd period - Snap shot by Morgan Frost.
8:31 of 3rd period - Stopped by Connor Ingram with a rebound.
8:33 of 3rd period - Wrist shot by Morgan Frost.
8:33 of 3rd period - Shot Misses the Net.
8:35 of 3rd period - Snap shot by Travis Sanheim.
8:35 of 3rd period - Shot Misses the Net.
8:37 of 3rd period - Slapshot by Travis Sanheim.
8:37 of 3rd period - Shot Blocked by Matt Roy.
8:39 of 3rd period - Snap shot by Morgan Rielly.
8:39 of 3rd period - Stopped by Connor Ingram without a rebound.
8:40 of 3rd period - Patrice Bergeron wins face-off versus Auston Matthews in Philadelphia Flyers zone.
8:51 of 3rd period - Snap shot by Patrice Bergeron.
8:51 of 3rd period - Shot Misses the Net.
8:53 of 3rd period - Slapshot by Devon Toews.
8:53 of 3rd period - Stopped by Connor Ingram without a rebound.
8:54 of 3rd period - Elias Lindholm wins face-off versus Bo Horvat in Philadelphia Flyers zone.
8:56 of 3rd period - Minor Penalty to Ben Chiarot for Holding.
8:57 of 3rd period - Elias Lindholm wins face-off versus Barrett Hayton in Philadelphia Flyers zone.
9:05 of 3rd period - Slapshot by Devon Toews.
9:05 of 3rd period - Stopped by Connor Ingram with a rebound.
9:38 of 3rd period - Vincent Trocheck is hit by Elias Lindholm and loses puck.
9:53 of 3rd period - Wrist shot by Justin Faulk.
9:53 of 3rd period - Stopped by Jordan Binnington without a rebound.
9:54 of 3rd period - Radek Faksa wins face-off versus Patrice Bergeron in Chicago Black Hawks zone.
9:59 of 3rd period - Snap shot by Radek Faksa.
9:59 of 3rd period - Stopped by Jordan Binnington with a rebound.
10:14 of 3rd period - Icing by Barrett Hayton.
10:15 of 3rd period - Patrice Bergeron wins face-off versus Bryan Rust in Chicago Black Hawks zone.
10:45 of 3rd period - Snap shot by Patrice Bergeron.
10:45 of 3rd period - Deflect By Barrett Hayton.
10:45 of 3rd period - Shot Misses the Net.
10:45 of 3rd period - Puck is out of play.
10:46 of 3rd period - Jack McBain wins face-off versus Bo Horvat in Philadelphia Flyers zone.
10:56 of 3rd period - Penalty to Ben Chiarot is over, Ben Chiarot is back on ice.
11:13 of 3rd period - Tyler Johnson is hit by Michael Rasmussen.
11:32 of 3rd period - Shane Pinto is hit by Max Pacioretty and loses puck.
11:37 of 3rd period - Slapshot by Max Pacioretty.
11:37 of 3rd period - Stopped by Jordan Binnington with a rebound.
11:39 of 3rd period - Snap shot by Max Pacioretty.
11:39 of 3rd period - Stopped by Jordan Binnington with a rebound.
11:41 of 3rd period - Snap shot by Elias Lindholm.
11:41 of 3rd period - Shot Blocked by Shane Pinto.
11:53 of 3rd period - Wrist shot by Brent Burns.
11:53 of 3rd period - Shot Blocked by Auston Matthews.
11:55 of 3rd period - Wrist shot by Brent Burns.
11:55 of 3rd period - Stopped by Connor Ingram with a rebound.
12:17 of 3rd period - Snap shot by Artem Zub.
12:17 of 3rd period - Stopped by Jordan Binnington without a rebound.
12:18 of 3rd period - Patrice Bergeron wins face-off versus Elias Lindholm in Chicago Black Hawks zone.
12:29 of 3rd period - Snap shot by Vincent Trocheck.
12:29 of 3rd period - Goal by Vincent Trocheck - Philadelphia Flyers : 1 - Chicago Black Hawks : 3.
12:30 of 3rd period - Auston Matthews wins face-off versus Bo Horvat in neutral zone.
12:37 of 3rd period - Wrist shot by Matt Duchene.
12:37 of 3rd period - Stopped by Jordan Binnington without a rebound.
12:38 of 3rd period - Auston Matthews wins face-off versus Bo Horvat in Chicago Black Hawks zone.
12:41 of 3rd period - Wrist shot by Auston Matthews.
12:41 of 3rd period - Stopped by Jordan Binnington with a rebound.
12:43 of 3rd period - Slapshot by Erik Gustafsson.
12:43 of 3rd period - Shot Blocked by Barrett Hayton.
12:45 of 3rd period - Wrist shot by Auston Matthews.
12:45 of 3rd period - Deflect By Bo Horvat.
12:45 of 3rd period - Stopped by Jordan Binnington without a rebound.
12:46 of 3rd period - Bo Horvat wins face-off versus Elias Lindholm in Chicago Black Hawks zone.
12:46 of 3rd period - Bo Horvat is hit by Elias Lindholm.
13:50 of 3rd period - Wrist shot by Auston Matthews.
13:50 of 3rd period - Shot Misses the Net.
13:52 of 3rd period - Wrist shot by Auston Matthews.
13:52 of 3rd period - Deflect By Jack McBain.
13:52 of 3rd period - Shot Blocked by Christopher Tanev.
13:52 of 3rd period - Puck is out of play.
13:53 of 3rd period - Radek Faksa wins face-off versus Bo Horvat in Chicago Black Hawks zone.
14:20 of 3rd period - Travis Sanheim is hit by Ben Chiarot and loses puck.
14:29 of 3rd period - Snap shot by Michael Rasmussen.
14:29 of 3rd period - Stopped by Connor Ingram with a rebound.
14:43 of 3rd period - Slapshot by Frederick Gaudreau.
14:43 of 3rd period - Stopped by Connor Ingram with a rebound.
15:01 of 3rd period - Auston Matthews is hit by Vincent Trocheck.
15:15 of 3rd period - Barrett Hayton is hit by Matt Duchene and loses puck.
16:09 of 3rd period - Slapshot by Brent Burns.
16:09 of 3rd period - Shot Blocked by Artem Zub.
16:50 of 3rd period - Snap shot by Morgan Frost.
16:50 of 3rd period - Shot Blocked by Erik Gustafsson.
16:52 of 3rd period - Wrist shot by Christopher Tanev.
16:52 of 3rd period - Shot Misses the Net.
17:14 of 3rd period - Slapshot by Tyler Bertuzzi.
17:14 of 3rd period - Shot Misses the Net.
17:36 of 3rd period - Marcus Johansson is hit by Shane Pinto and loses puck.
17:52 of 3rd period - Jesper Fast is hit by Kevin Fiala and loses puck.
18:29 of 3rd period - Lukas Sedlak is hit by Morgan Frost and loses puck.
18:40 of 3rd period - Michael Rasmussen is hit by Bryan Rust and loses puck.
18:51 of 3rd period - Auston Matthews is hit by Frederick Gaudreau and loses puck.
19:02 of 3rd period - Off-side.
19:03 of 3rd period - Patrice Bergeron wins face-off versus Lukas Sedlak in neutral zone.
19:06 of 3rd period - Radek Faksa is hit by Patrice Bergeron and loses puck.
19:19 of 3rd period - Slapshot by Kevin Fiala.
19:19 of 3rd period - Shot Misses the Net.
19:46 of 3rd period - Icing by Oliver Ekman-Larsson.
19:47 of 3rd period - Patrice Bergeron wins face-off versus Matt Duchene in Philadelphia Flyers zone.
Goals for this period are 0 for Philadelphia Flyers vs 1 for Chicago Black Hawks.
Shots for this period are 13 for Philadelphia Flyers vs 12 for Chicago Black Hawks.
Back to the Top